 Dungeon Crawl Stone Soup version 0.29.1-1-gd02db6906a (webtiles) character file.

Game seed: 8440534207088067533

173 Icepheonix32 the Trooper (level 5, -2/47 HPs)
             Began as a Minotaur Fighter on Oct 21, 2022.
             Slain by an orc
             ... wielding a +0 flail
              (4 damage)
             ... on level 4 of the Dungeon.
             The game lasted 00:01:57 (2736 turns).

Icepheonix32 the Trooper (Minotaur Fighter)         Turns: 2736, Time: 00:01:57

Health: -2/47      AC:  7    Str: 20    XL:     5   Next: 28%
Magic:  4/4        EV:  9    Int:  5    God:
Gold:   53         SH:  0    Dex: 12    Spells: 4/4 levels left

rFire   . . .      SeeInvis .   a - +0 war axe
rCold   . . .      Faith    .   c - +0 buckler
rNeg    . . .      Spirit   .   b - +0 scale mail
rPois   .          Reflect  .   (helmet restricted)
rElec   .          Harm     .   (no cloak)
rCorr   .          Rampage  .   (no gloves)
Will    .....                   (no boots)
Stlth   ..........              (no amulet)
HPRegen 0.15/turn               (no ring)
MPRegen 0.09/turn               (no ring)

@: confused, mighty
A: horns 2, retaliatory headbutt
a: no special abilities


You were on level 4 of the Dungeon.
You visited 1 branch of the dungeon, and saw 4 of its levels.

You collected 53 gold pieces.

Inventory:

Hand Weapons
 a - a +0 war axe (weapon)
Armour
 b - a +0 scale mail (worn)
 c - a +0 buckler (worn)
 q - a +0 chain mail
Jewellery
 m - a ring of ice
 r - a ring of flight
Scrolls
 f - a scroll of teleportation
 h - a scroll of acquirement {unknown}
 i - a scroll of summoning
 j - a scroll of magic mapping {unknown}
 k - a scroll of immolation {unknown}
 l - 2 scrolls of blinking
 n - a scroll of enchant weapon {unknown}
Potions
 e - 2 potions of flight
 o - a potion of brilliance
 p - a potion of curing {unknown}


   Skills:
 * Level 4.9 Fighting
 + Level 4.5 Axes
 + Level 4.4 Armour
 + Level 1.5 Dodging
 + Level 0.1 Stealth
 + Level 3.8 Shields


You had 4 spell levels left.
You didn't know any spells.
Your spell library contained the following spells:

 Spells                   Type           Power      Damage    Failure   Level
 Freeze                   Ice            0%         1d3       88%         1
 Frozen Ramparts          Ice            0%         1d1       99%         3
 Hailstorm                Conj/Ice       0%         3d3       100%        4


Dungeon Overview and Level Annotations

Branches:
Dungeon (4/15)
 Temple: D:4-7

Altars:
Makhleb
Ru


Innate Abilities, Weirdness & Mutations

You have a pair of horns on your head.
You reflexively headbutt those who attack you in melee.


Message History

You hit the orc.
The orc is heavily wounded.
You hit the orc. You slash the jackal!
You kill the jackal!
You closely miss the orc. You hit something.
The orc hits you but does no damage.
You hear some strange, mumbled words.
You are confused.
The orc hits you with a +0 club. The orc hits you but does no damage.
You're too confused to move!
The dart slug bites you. The orc hits you but does no damage.
Something hits you.
* * * LOW HITPOINT WARNING * * *
The orc hits you but does no damage. The orc barely misses you.
Unknown command.
You hit the orc.
You kill the orc!
You completely miss something. You closely miss the orc.
You barely miss the dart slug. You hit the orc but do no damage.
The orc hits you with a +0 club.
* * * LOW HITPOINT WARNING * * *
Something hits you but does no damage. The orc hits you but does no damage.
The dart slug launches a dart at you.
The slug dart hits you but does no damage.
You hit the orc priest.
The orc priest is moderately wounded.
You hit the dart slug. You slash the orc!
You kill the orc!
You barely miss something. You closely miss the orc. Something hits you.
* * * LOW HITPOINT WARNING * * *
The orc hits you but does no damage.
The orc priest hits you with a +0 dagger.
* * * LOW HITPOINT WARNING * * *
The dart slug launches a dart at you. The slug dart hits you.
* * * LOW HITPOINT WARNING * * *
You feel very mighty all of a sudden. Something hits you.
* * * LOW HITPOINT WARNING * * *
The orc hits you with a +0 flail.
You die...

.. .#.## # .. ....
.###.#. ..# .....#.
###.# .##
#.....###...##....
#.....<#..........
#....#).......#
###(..##))...#.#....
......o@{......... .
......woo.###......
..........# .......
.......#### .......
....... .......
....... ......
....... .......


You could see an orc priest, a dart slug and 2 orcs.

Vanquished Creatures
  A hound (D:4)
  An iguana (D:3)
  3 adders
  A worm (D:3)
  4 dart slugs
  3 orcs (D:4)
  4 ball pythons
  6 bats
  6 endoplasms
  4 giant cockroaches
  11 goblins
  10 hobgoblins
  3 jackals (D:4)
  5 kobolds
  A quokka (D:1)
  5 frilled lizards
  7 rats
75 creatures vanquished.

Notes
Turn   | Place    | Note
-------+----------+-------------------------------------------
     0 | D:1      | Icepheonix32 the Minotaur Fighter began the quest for the
                  | Orb.
     0 | D:1      | Reached XP level 1. HP: 19/19 MP: 0/0
   258 | D:1      | Found a faded altar of an unknown god.
   265 | D:1      | Reached XP level 2. HP: 24/27 MP: 1/1
   585 | D:1      | Reached XP level 3. HP: 34/34 MP: 2/2
   972 | D:1      | Found a burning altar of Makhleb.
  1643 | D:2      | Reached skill level 1 in Dodging
  1724 | D:2      | Reached XP level 4. HP: 38/41 MP: 3/3
  2617 | D:3      | Found a sacrificial altar of Ru.
  2701 | D:4      | Reached XP level 5. HP: 32/47 MP: 4/4
  2736 | D:4      | HP: 2/47 [something (2)]
  2736 | D:4      | Slain by an orc

Illustrated notes

Levels and vault maps discovered:
D:1:      dpeg_arrival_water_altar, layout_loops_ring,
          ebering_ecumenical_altar_box, grunt_decor_fettered,
          corexii_corridor_pit
D:2:      layout_loops_ring, serial_rivers, chequers_serial_rivers_large_b,
          chequers_serial_rivers_marsh, chequers_serial_rivers_small_b,
          chequers_serial_rivers_marsh, chequers_serial_rivers_small_3,
          chequers_serial_rivers_large_a, grunt_ministairs_8,
          roderic_roman_lattice
D:3:      layout_rooms, mainiacjoe_overflow_alcove_4
D:4:      layout_rooms, pdpol_wu_jian_five_deadly_venoms, serial_curves,
          eino_curves_01, eino_curves_03, eino_curves_01, eino_curves_02

Skill      XL: |  1  2  3  4 |
---------------+-------------+-----
Fighting       | 4 |  4.9
Armour         | 4 |  4.4
Dodging        | 1 |  1.5
Axes           | 3 4 |  4.5
Stealth        | |  0.1
Shields        | |  3.8

Action                   |  1- 3 |  4- 6 || total
-------------------------+-------+-------++-------
Melee: War axe           |    71 |    59 ||   130
       Headbutt          |    12 |     3 ||    15
  Use: Scroll            |       |     5 ||     5
       Potion            |       |     2 ||     2
Armor: Scale mail        |    24 |    42 ||    66
Dodge: Dodged            |    26 |    30 ||    56
Block: Buckler           |    12 |    12 ||    24
